[gd_scene load_steps=12 format=2]

[ext_resource path="res://Vehicles/Rover/Det1.material" type="Material" id=1]
[ext_resource path="res://Vehicles/Rover/Pod.material" type="Material" id=2]
[ext_resource path="res://Vehicles/Rover/Transm.material" type="Material" id=3]
[ext_resource path="res://Vehicles/Rover/Cab.material" type="Material" id=4]
[ext_resource path="res://Vehicles/Rover/Corpus.material" type="Material" id=5]
[ext_resource path="res://Vehicles/Rover/Glass.material" type="Material" id=6]
[ext_resource path="res://Vehicles/Rover/Wheels.material" type="Material" id=7]
[ext_resource path="res://Vehicles/Rover/Elem.material" type="Material" id=8]
[ext_resource path="res://Vehicles/Rover/Det2.material" type="Material" id=9]
[ext_resource path="res://Vehicles/Rover/Mars Car Animation.fbx" type="PackedScene" id=10]
[ext_resource path="res://Vehicles/Rover/Tros.material" type="Material" id=11]

[node name="Rover" instance=ExtResource( 10 )]

[node name="RootNode" parent="." index="0"]
transform = Transform( 1, 0, 0, 0, 1, 0, 0, 0, 1, 1.42901, 0, 2.58237 )

[node name="" parent="RootNode" index="10"]
transform = Transform( 119.416, 0, 0, 0, 0, 119.416, 0, -119.416, 0, -0.202625, 2.93348, -1.57636 )

[node name="Elem" parent="RootNode" index="11"]
material/0 = ExtResource( 8 )

[node name="Pod" parent="RootNode" index="13"]
material/0 = ExtResource( 2 )

[node name="Det2" parent="RootNode" index="14"]
material/0 = ExtResource( 9 )

[node name="Det1" parent="RootNode" index="15"]
material/0 = ExtResource( 1 )

[node name="Corpus" parent="RootNode" index="16"]
material/0 = ExtResource( 5 )

[node name="Glass" parent="RootNode" index="17"]
material/0 = ExtResource( 6 )

[node name="Cab" parent="RootNode" index="18"]
material/0 = ExtResource( 4 )

[node name="Tros" parent="RootNode" index="19"]
material/0 = ExtResource( 11 )

[node name="Transm" parent="RootNode" index="20"]
material/0 = ExtResource( 3 )

[node name="Wheels" parent="RootNode" index="21"]
material/0 = ExtResource( 7 )

[node name="SteeringWheel" parent="RootNode" index="22"]
material/0 = ExtResource( 4 )
